 Dungeon Crawl Stone Soup version 0.31-a0-859-g9dce7d3444 (webtiles) character file.

Game seed: 10668734018561984752

89 dualclasshuman the Insei (level 4, -2/35 HPs)
             Began as a Demigod Shapeshifter on Oct 9, 2023.
             Slain by Terence
             ... wielding a +0 falchion
              (9 damage)
             ... on level 3 of the Dungeon.
             The game lasted 00:03:42 (1722 turns).

dualclasshuman the Insei (Demigod Shapeshifter)     Turns: 1722, Time: 00:03:43

Health: -2/35      AC:  3    Str: 15    XL:     4   Next: 10%
Magic:  6/6        EV: 12    Int: 15    God:
Gold:   101        SH:  0    Dex: 17    Spells: 3/3 levels left

rFire   . .          .
                       - Unarmed
rCold   . . .        (no shield)
rNeg    . . .        n - +0 leather armour "Jemelont" {Int+3}
rPois   .            (helmet currently unavailable)
rElec   .            (cloak currently unavailable)
rCorr   .            (gloves currently unavailable)
SInv    .            (boots currently unavailable)
Will    .....        (no amulet)
Stlth   +            (no ring)
HPRegen 0.25/turn    (no ring)
MPRegen 0.10/turn

%: no passive effects
@: beast-form
A: beast (slay +1), high MP 1, forlorn, divine attributes
a: Begin Untransformation


You were on level 3 of the Dungeon.
You were a hulking beast.
You visited 1 branch of the dungeon, and saw 3 of its levels.

You collected 101 gold pieces.

Inventory:

Missiles
 l - 5 boomerangs
Armour
 a - a +0 animal skin
 n - the +0 leather armour "Jemelont" (worn) {Int+3}
   (You took it off a hobgoblin on level 2 of the Dungeon)

   Int+3:     It affects your intelligence (+3).
Magical Staves
 o - a staff of earth
Talismans
 c - a beast talisman (active)
 d - a flux talisman
 j - a beast talisman (active)
 k - a maw talisman
Scrolls
 e - a scroll of fog {unknown}
 f - a scroll of enchant weapon {unknown}
 g - a scroll of immolation {unknown}
 h - a scroll of teleportation {unknown}
 i - a scroll of enchant armour {unknown}
 m - 3 scrolls of noise {unknown}
 q - a scroll of acquirement {unknown}
 r - 2 scrolls of identify {unknown}
 u - a scroll of vulnerability {unknown}
 v - a scroll of blinking {unknown}
Potions
 b - a potion of haste {unknown}
 p - 2 potions of curing {unknown}
 s - 2 potions of lignification
 t - a potion of heal wounds {unknown}


   Skills:
 * Level 1.1 Fighting
 * Level 2.0 Dodging
 * Level 3.8 Unarmed Combat
 * Level 3.3 Shapeshifting


You had 3 spell levels left.
You didn't know any spells.
Your spell library was empty.

Dungeon Overview and Level Annotations

Branches:
Dungeon (3/15)

Annotations:
D:3 Terence


Innate Abilities, Weirdness & Mutations

You are a hulking beast.
Your limbs bulge with bestial killing power. (Slay +1)
You have an increased reservoir of magic. (+10% MP)
You shall have no god before yourself.
Your divine heritage dramatically boosts your attributes as you level up.


Message History

You hit Terence but do no damage.
Terence is lightly wounded.
You hit Terence.
Terence is moderately wounded.
Terence barely misses you.
You hit Terence but do no damage.
Terence is moderately wounded.
Terence misses you.
You hit Terence.
Terence is heavily wounded.
Terence barely misses you.
You hit Terence but do no damage.
Terence is heavily wounded.
Terence hits you with a +0 falchion.
You closely miss Terence.
Terence is heavily wounded.
Terence barely misses you.
You hit Terence.
Terence is heavily wounded.
Terence barely misses you.
You hit Terence but do no damage.
Terence is heavily wounded.
Terence hits you with a +0 falchion.
You hit Terence.
Terence is severely wounded.
Terence hits you with a +0 falchion.
You barely miss Terence.
Terence is severely wounded.
Terence hits you with a +0 falchion.
* * * LOW HITPOINT WARNING * * *
You hit Terence but do no damage.
Terence is severely wounded.
Terence hits you with a +0 falchion.
* * * LOW HITPOINT WARNING * * *
You hit Terence.
Terence is almost dead.
You barely miss Terence.
Terence is almost dead.
Terence hits you with a +0 falchion!
You die...

## ###### ## #...
###....#####. ##...#
#.'....+..... ......####
#.#....#####.
.........###+#....# ##
.......#..........# #
.......#..........# #
..........<.......######
.#....#h..####.........#
>.....@.................
.#.####....##.##.#......
#.# #)...##..#.#......
....#..........#......
............#..........
.......#....####..##+##
.......####.....#.##.##
................+.....)


You could see Terence.

Vanquished Creatures
  5 adders
  4 ball pythons
  2 endoplasms
  4 giant cockroaches
  2 hobgoblins
  4 jackals (D:2)
  4 kobolds
  4 quokkas
  2 bats (D:1)
  3 frilled lizards
  5 goblins
  4 rats
43 creatures vanquished.

Notes
Turn   | Place    | Note
-------+----------+-------------------------------------------
     0 | D:1      | dualclasshuman the Demigod Shapeshifter began the quest for
                  | the Orb.
     0 | D:1      | Reached XP level 1. HP: 15/15 MP: 3/3
   190 | D:1      | Reached XP level 2. HP: 22/22 MP: 4/4
   657 | D:2      | HP: 1/33 [poisoned by an adder]
   793 | D:2      | Reached skill level 1 in Fighting
   793 | D:2      | Reached XP level 3. HP: 25/28 MP: 5/5
  1175 | D:2      | Identified the +0 leather armour "Jemelont" {Int+3}
  1592 | D:3      | Reached XP level 4. HP: 30/35 MP: 6/6
  1699 | D:3      | Noticed Terence
  1722 | D:3      | Slain by Terence

Illustrated notes

Levels and vault maps discovered:
D:1:      erik_arrival_orb_chamber, layout_basic, minmay_hexomino_r4
D:2:      layout_basic, hellmonk_ecumenical_altar_heavens_door,
          grunt_decor_arrowhead
D:3:      layout_basic, st_stairs_5, chequers_arboretum, uniq_terence,
          uniq_grinder

Skill      XL: |  1  2  3 |
---------------+----------+-----
Unarmed Combat | 3 |  3.8
Shapeshifting  | 3 |  3.3
Fighting       | 1 |  1.1
Dodging        | 2 |  2.0

Action                     |  1- 3 |  4- 6 || total
---------------------------+-------+-------++-------
  Melee: Unarmed           |   112 |    31 ||   143
         Punch             |     4 |       ||     4
    Use: Potion            |     1 |       ||     1
   Stab: Sleeping          |     1 |       ||     1
 Armour: Animal skin       |    46 |       ||    46
         Skin              |     5 |       ||     5
         Leather armour    |    16 |    12 ||    28
  Dodge: Dodged            |    73 |    12 ||    85

Table legend: (Time is in decaauts)
 A = Elapsed time spent in this place.
 B = Non-inter-level travel time spent in this place.
 C = Inter-level travel time spent in this place.
 D = Time resting spent in this place.
 E = Time spent auto-exploring this place.
 F = Levels seen in this place.
 G = Mean time per level.
                   A        B        C        D        E       F      G
               +--------+--------+--------+--------+--------+-----+--------+
         Total |   1713 |   1659 |     54 |    219 |   1090 |   3 |  571.0 |
       Dungeon |   1713 |   1659 |     54 |    219 |   1090 |   3 |  571.0 |
               +--------+--------+--------+--------+--------+-----+--------+

Top non-repeatable levels by time:
     D:2: 790 daAuts
     D:1: 640 daAuts
     D:3: 281 daAuts
